 Dungeon Crawl Stone Soup version 0.21.0-30-g47ce8e4cbb (webtiles) character file.

1490 gmrwt the Fighter (level 8, -5/56 HPs)
             Began as a Gargoyle Fighter on Jan 29, 2018.
             Was a Believer of Trog.
             Slain by an orc warrior
             ... wielding a +0 battleaxe
              (19 damage)
             ... on level 6 of the Dungeon.
             The game lasted 00:20:34 (6430 turns).

gmrwt the Fighter (Gargoyle Fighter)                Turns: 6430, Time: 00:20:35

Health: -5/56      AC: 14    Str: 23    XL:     8   Next: 80%
Magic:  8/8        EV:  7    Int:  8    God:    Trog [**....]
Gold:   272        SH:  9    Dex:  9    Spells: 7/7 levels left

rFire    . . .     SeeInvis .   a - +0 flail
rCold    . . .     Gourm    .   c - +0 shield
rNeg     + . .     Faith    +   b - +0 scale mail
rPois    ∞         Spirit   .   (no helmet)
rElec    +         Reflect  .   x - +0 cloak
rCorr    .         Harm     .   p - +0 pair of gloves
MR       +....                  (no boots)
Stlth    ..........             k - amulet of faith
HPRegen  0.18/turn              A - ring of protection from magic
MPRegen  0.11/turn              (no ring)

@: berserk cooldown, slowed, very slow
A: negative energy resistance 1, electricity resistance, unbreathing,
petrification resistance, rot immunity, AC +5
a: Berserk, Trog's Hand, Burn Spellbooks, Renounce Religion


You were on level 6 of the Dungeon.
You worshipped Trog.
Trog was pleased with you.
You were hungry.

You visited 2 branches of the dungeon, and saw 7 of its levels.

You collected 272 gold pieces.

Inventory:

Hand Weapons
 a - a +0 flail (weapon)
 F - a +0 club
Missiles
 e - 205 stones (quivered)
 r - 4 curare-tipped needles
Armour
 b - a +0 scale mail (worn)
 c - a +0 shield (worn)
 p - a +0 pair of gloves (worn)
 x - a +0 cloak (worn)
Jewellery
 k - an amulet of faith (around neck)
 A - a ring of protection from magic (left hand)
 D - an uncursed ring of wizardry {unknown}
Wands
 C - a wand of iceblast (12)
 E - a wand of digging (10)
Scrolls
 g - a scroll of blinking {unknown}
 i - 4 scrolls of identify {unknown}
 m - a scroll of enchant weapon {unknown}
 q - 6 scrolls of teleportation {unknown}
 s - 2 scrolls of remove curse {unknown}
 t - a scroll of immolation {unknown}
 y - 2 scrolls of amnesia {unknown}
 B - a scroll of fear {unknown}
Potions
 d - 2 potions of might
 h - a potion of berserk rage
 j - a potion of heal wounds
 l - 2 potions of brilliance {unknown}
 n - 5 potions of curing {unknown}
 o - a potion of haste {unknown}
 u - a potion of agility
 v - 2 potions of mutation {unknown}
 w - a potion of invisibility {unknown}
 z - a potion of lignification {unknown}
Comestibles
 f - 13 rations


   Skills:
 + Level 8.9 Fighting
 + Level 7.8 Maces & Flails
 - Level 3.2 Armour
 - Level 3.2 Shields


You had 7 spell levels left.
You didn't know any spells.

Dungeon Overview and Level Annotations

Branches:
Dungeon (6/15)             Temple (1/1) D:4

Altars:
Ashenzari
Cheibriados
Dithmenos
Fedhas
Gozag
Hepliaklqana
Kikubaaqudgha
Makhleb
Nemelex Xobeh
Okawaru
Qazlal
Ru
Sif Muna
Trog
Uskayaw
Wu Jian
The Shining One


Innate Abilities, Weirdness & Mutations

You are resistant to torment.
Your stone body is resilient. (AC +5)
You are immune to poison.
You resist negative energy. (rN+)
You are resistant to electric shocks. (rElec)
You can survive without breathing.
You are immune to petrification.
You are immune to rotting.


Message History

The orc warrior is lightly wounded.
The gnoll hits you but does no damage.
The orc warrior hits you with a battleaxe!!
You block the gnoll's attack. The gnoll hits you but does no damage.
You hit the orc warrior.
The orc warrior is moderately wounded.
The orc warrior hits you with a battleaxe!
* * * LOW HITPOINT WARNING * * *
You block the gnoll's attack. x2; The gnoll barely misses you.
Your shield prevents you from hitting the orc warrior.
The orc warrior is moderately wounded.
You block the gnoll's attack. You block the orc warrior's attack.
The gnoll hits you with a spear.
* * * LOW HITPOINT WARNING * * *
The gnoll barely misses you.
Your shield and scale mail prevent you from hitting the orc warrior.
The orc warrior is moderately wounded.
You block the orc's attack. The gnoll barely misses you. x2
The orc warrior hits you with a battleaxe!!
You die... ...## #.....## .o .o #..# #...### #####. ... ...#########.#######...o oo..

.#........#............#g.o..
.#######.....########)o......
...........#.# #.o#
......#....#.#### #gg#
.####.####......## #.o# #######
#####..#####...o@###.## #.....#
.............###oggo..####.....#
#####....##..#...g{............#
####.......##........#..(..# #
##(....###..#####.#.....# ###
#.#...###..# #.###.###
..#######.##......## #.###.#
#..........#....#.# #.....#
#########.........#
#######..####


You could see an orc warrior, 3 gnolls and 2 orcs.

Vanquished Creatures
  An ice beast (D:6)
  A phantom (D:4)
  2 centaurs
  A bullfrog (D:4)
  4 scorpions
  2 bullfrog zombies
  A howler monkey (D:6)
  2 crimson imps (D:5)
  Crazy Yiuf (D:2)
  A bullfrog skeleton (D:4)
  A centaur zombie (D:5)
  2 hounds
  2 orc priests
  3 orc wizards
  A gnoll shaman (D:6)
  An iguana (D:6)
  3 worker ants
  2 howler monkey zombies
  3 worker ant zombies
  6 gnolls
  8 adders
  2 oozes
  An adder skeleton (D:4)
  2 worms (D:3)
  4 dart slugs
  2 leopard geckos
  15 orcs
  2 ball pythons
  A giant cockroach (D:2)
  6 goblins
  7 hobgoblins
  2 quokkas
  8 bats
  6 frilled lizards
  A jackal skeleton (D:4)
  A jackal zombie (D:5)
  11 kobolds
  A leopard gecko skeleton (D:5)
  A leopard gecko zombie (D:4)
  2 quokka zombies
  7 rats
130 creatures vanquished.

Notes
Turn   | Place    | Note
-------+----------+-------------------------------------------
     0 | D:1      | gmrwt the Gargoyle Fighter began the quest for the Orb.
     0 | D:1      | Reached XP level 1. HP: 14/14 MP: 1/1
    98 | D:1      | Reached XP level 2. HP: 8/19 MP: 2/2
   875 | D:2      | Reached skill level 4 in Fighting
   875 | D:2      | Reached XP level 3. HP: 15/24 MP: 3/3
  1323 | D:2      | Reached XP level 4. HP: 8/30 MP: 4/4
  1610 | D:2      | Found an opulent altar of Gozag.
  1611 | D:2      | Found a hazy altar of Hepliaklqana.
  1611 | D:2      | Found a snail-covered altar of Cheibriados.
  1613 | D:2      | Found a burning altar of Makhleb.
  1710 | D:2      | Found a sacrificial altar of Ru.
  1814 | D:2      | Found a runed door.
  1934 | D:2      | Found a deep blue altar of Sif Muna.
  2036 | D:2      | Noticed Crazy Yiuf
  2044 | D:2      | Killed Crazy Yiuf
  2155 | D:3      | Reached XP level 5. HP: 31/34 MP: 5/5
  2271 | D:3      | Reached skill level 5 in Fighting
  2806 | D:3      | Found a bloodstained altar of Trog.
  2887 | D:3      | Became a worshipper of Trog the Wrathful
  3296 | D:4      | Noticed a phantom
  3349 | D:4      | Reached XP level 6. HP: 33/40 MP: 6/6
  3374 | D:4      | Killed a phantom
  3584 | D:4      | Reached skill level 6 in Fighting
  3584 | D:4      | Reached skill level 5 in Maces & Flails
  3615 | D:4      | Found a staircase to the Ecumenical Temple.
  3621 | Temple   | Entered the Ecumenical Temple
  3751 | D:4      | Reached XP level 7. HP: 42/47 MP: 7/7
  4096 | D:4      | Reached * piety under Trog
  4477 | D:5      | Entered Level 5 of the Dungeon
  4544 | D:5      | Reached skill level 7 in Fighting
  5099 | D:5      | Found a shattered altar of Ashenzari.
  5154 | D:5      | Reached XP level 8. HP: 49/53 MP: 8/8
  5789 | D:6      | Reached skill level 8 in Fighting
  6419 | D:6      | Reached ** piety under Trog
  6430 | D:6      | Slain by an orc warrior

Skill      XL: |  1  2  3  4  5  6  7  8 |
---------------+-------------------------+-----
Fighting       | 4 5 6 7 8 |  8.9
Maces & Flails | 3 4 5 6 7 |  7.8
Armour         | |  3.2
Shields        | |  3.2

Action                   |  1- 3 |  4- 6 |  7- 9 || total
-------------------------+-------+-------+-------++-------
Melee: Flail             |   129 |   217 |   300 ||   646
Invok: Berserk           |       |       |     1 ||     1
  Use: Potion            |       |       |     3 ||     3
 Stab: Paralysed         |       |     2 |       ||     2
       Invisible         |       |     1 |       ||     1
  Eat: Chunk             |     1 |     9 |     9 ||    19
Armor: Scale mail        |    74 |   126 |   182 ||   382
Dodge: Dodged            |    60 |    71 |    94 ||   225
Block: Shield            |    63 |   117 |   188 ||   368
